cohdb
Replays
Latest Replays
All Replays
Popular Replays
Top Player Replays
Match Explorer
How It Works
Community
CoH3 Stats
Reddit
Sign in to upload your games and track your stats! →
Sign in with Steam
Match 45520190
Unlisted
Match 45520190
Overview
Messages
Build Orders
End
Selects Heavy Weapons
Construct Weapon Support Center
Engineer Squad
Scout Squad
M1919 Machine Gun Team
M1919 Machine Gun Team
Bazooka Squad
Infantry Support Center
Selects M2HB .50cal Heavy Machine Gun
M1919 Machine Gun Team
Construct Medical Station
Selects Assault Carriers
M3 Assault Carrier
Improved M9 Bazooka Rockets
M3 Assault Carrier
Bazooka Squad
Bazooka Squad
M3 Assault Carrier
Selects Exchangeable Parts
M3 Assault Carrier
M3 Assault Carrier
M3 Assault Carrier
Engineer Squad
M3 Assault Carrier
Selects M26 Pershing Heavy Tank
M26 Pershing Heavy Tank
Construct Tank Depot
Selects Gallant Stand
Selects Black Dragon Artillery Barrage
Black Dragon Artillery Barrage
M18 Hellcat Tank Destroyer
M18 Hellcat Tank Destroyer
Bobr
nub
lisez hervé Couteau-Bégarie
.:PSG:. RedxWings
Bartolomaeus Bart
[PD]Lurgi
[PD] Ducktus
Nico-Nico-Nii~~
0
0
Comments
sign in to comment!
No comments posted yet!